AoeStats
← [GG] Shevchenko 7

Pilgrims

508336798Analyzed
3v3 RM · 11d ago on Sep 22, 2026· 81m 11s· 6 players
Game mode
Random Map
Map size
Normal (6 player)
Population
200
Speed
Normal
Resources
Standard
Victory
Conquest
Starting age
Dark Age
Ending age
Imperial Age
RankedLock teamsTeams togetherTeam positionsShared explorationLock speedFull tech treeHidden civsTurbo modeCheats
Victory
Defeat
🇧🇷 Malians · Brazil
1019
+12
1015
+13
🇧🇷 Portuguese · Brazil
979
+14
🇨🇴 Vietnamese · Colombia
1048
-17
🇨🇴 Italians · Colombia
888
-11
🇨🇴 Slavs · Colombia
877
-11
anguraca
3:51 Loom
9:17 Feudal Age
10:09 Double-Bit Axe
10:11 Horse Collar
11:09 Wheelbarrow
17:14 Castle Age
15:09 Fletching
17:56 Bodkin Arrow
22:18 Medium Warships
32:09 Ballistics
38:04 Imperial Age
39:10 Bracer
40:47 Padded Archer Armor
43:25 Chemistry
46:19 Thumb Ring
47:46 Crossbowman
48:45 Arbalester
56:39 Leather Archer Armor
64:28 Elite Fire Lancer
Zerohena
3:54 Loom
12:40 Feudal Age
17:02 Double-Bit Axe
20:14 Fishing Lines
23:57 Castle Age
21:49 Horse Collar
23:18 Fletching
25:17 Gillnets
31:37 Wheelbarrow
37:17 Imperial Age
36:19 Stone Mining
37:30 Squires
36:50 Pikeman
43:28 Hand Cart
42:58 Onager
44:07 Forging
43:57 Scale Mail Armor
46:07 Chain Mail Armor
57:33 Halberdier
64:12 Husbandry
65:21 Bloodlines
nilyan06
5:45 Loom
13:05 Feudal Age
17:22 Fishing Lines
25:53 Castle Age
29:10 Double-Bit Axe
29:23 Fletching
29:30 Demolition Ship
30:22 Medium Warships
30:03 Gillnets
30:55 Stone Mining
31:48 Bodkin Arrow
32:03 Forging
32:23 Arson
33:17 Wheelbarrow
32:44 Scale Mail Armor
33:29 Bow Saw
36:20 Hand Cart
38:32 Silk Road
38:21 Pikeman
41:49 Imperial Age
42:00 Redemption
43:07 Ballistics
42:45 Murder Holes
44:08 Padded Archer Armor
44:44 Iron Casting
44:28 Thumb Ring
43:44 Crossbowman
43:44 Elite Skirmisher
47:45 Imperial Age
47:12 Leather Archer Armor
47:21 Chain Mail Armor
48:24 Arrowslits
49:39 Chemistry
48:31 Guard Tower
53:30 Two-Man Saw
61:42 Elite Cannon Galleon
67:08 Clinker Construction
71:57 Bloodlines
71:47 Husbandry
71:08 Cavalier
71:09 Light Cavalry
74:05 Scale Barding Armor
75:29 Chain Barding Armor
76:47 Plate Barding Armor
77:35 Hussar
[GG] Raúl González Blanco
11:22 Feudal Age
11:46 Loom
11:47 Town Watch
22:39 Castle Age
22:16 Fletching
26:04 Kamandaran
26:22 Crossbowman
27:07 Thumb Ring
27:35 Bloodlines
28:49 Thumb Ring
29:31 Padded Archer Armor
29:36 Scale Barding Armor
29:43 Forging
31:58 Chain Barding Armor
32:51 Wheelbarrow
34:21 Iron Casting
33:41 Bodkin Arrow
34:43 Leather Archer Armor
34:56 Horse Collar
35:27 Husbandry
41:13 Imperial Age
39:58 Light Cavalry
43:35 Chemistry
42:31 Murder Holes
44:16 Cavalier
49:06 Ballistics
48:40 Hussar
52:00 Ring Archer Armor
55:12 Blast Furnace
54:47 Plate Barding Armor
54:13 Scale Mail Armor
65:22 Savar
68:12 Squires
67:57 Arson
70:37 Heavy Plow
70:24 Double-Bit Axe
77:09 Citadels
81:38 Town Patrol
[GG] Shevchenko 7
4:15 Loom
13:06 Feudal Age
21:31 Castle Age
29:50 Scale Barding Armor
29:55 Forging
31:40 Wheelbarrow
31:21 Light Cavalry
33:50 Redemption
37:41 Imperial Age
36:51 Sanctity
38:58 Bloodlines
38:49 Husbandry
39:27 Iron Casting
39:13 Chain Barding Armor
51:50 Hand Cart
62:14 Scale Mail Armor
68:39 Chemistry
68:00 Ballistics
67:20 Elite Organ Gun
68:02 Circumnavigation
69:45 Plate Barding Armor
69:34 Chain Mail Armor
[GG] Trezeguet
10:47 Feudal Age
10:51 Loom
11:45 Horse Collar
17:11 Castle Age
16:52 Fletching
17:03 Padded Archer Armor
17:04 Scale Mail Armor
21:33 Demolition Ship
22:23 Medium Warships
44:23 Chain Mail Armor
44:18 Forging
44:42 Forging
54:23 Scale Barding Armor
57:45 Heavy Plow
59:00 Bloodlines
58:10 Light Cavalry
59:52 Chain Barding Armor
62:47 Husbandry
67:07 Gold Mining
67:08 Stone Mining
71:40 Imperial Age
69:46 Wheelbarrow
71:09 Gold Shaft Mining
71:54 Iron Casting
Connection lost

Rejoining the realm…

Still unreachable

The connection could not be restored.

Session expired

The server has moved on; the page needs a fresh start.